 Dungeon Crawl Stone Soup version 0.28.0-53-g5a82cb258f (webtiles) character file.

Game seed: 13981984263445726606

482 Sin92 the Skirmisher (level 6, -11/48 HPs)
             Began as a Demonspawn Fighter on July 2, 2022.
             Mangled by an ogre
             ... wielding a +0 giant club
              (26 damage)
             ... on level 4 of the Dungeon.
             The game lasted 00:08:01 (3808 turns).

Sin92 the Skirmisher (Demonspawn Fighter)           Turns: 3808, Time: 00:08:02

Health: -11/48     AC: 10    Str: 18    XL:     6   Next: 87%
Magic:  8/8        EV:  7    Int:  9    God:
Gold:   213        SH:  5    Dex: 15    Spells: 6/7 levels left

rFire   . . .      SeeInvis .   a - +0 war axe
rCold   . . .      Faith    .   c - +0 buckler
rNeg    . . .      Spirit   .   i - +0 chain mail
rPois   .          Reflect  .   (no helmet)
rElec   .          Harm     .   (no cloak)
rCorr   .          Rampage  .   (no gloves)
Will    .....                   j - +0 pair of boots
Stlth   ..........              f - amulet of magic regeneration
HPRegen 0.16/turn               (no ring)
MPRegen 0.51/turn               (no ring)

@: no status effects
A: claws 1, thin skeletal structure 1
a: no special abilities


You were on level 4 of the Dungeon.
You visited 1 branch of the dungeon, and saw 4 of its levels.

You collected 213 gold pieces.

Inventory:

Hand Weapons
 a - a +0 war axe (weapon)
Armour
 b - a +0 scale mail
 c - a +0 buckler (worn)
 i - a +0 chain mail (worn)
 j - a +0 pair of boots (worn)
Magical Staves
 m - a staff of fire
Jewellery
 f - an amulet of magic regeneration (around neck)
 q - a ring of ice
Scrolls
 d - a scroll of fear {unknown}
 h - 3 scrolls of teleportation {unknown}
 l - 3 scrolls of blinking {unknown}
 n - 3 scrolls of identify
 o - a scroll of fog {unknown}
 p - a scroll of magic mapping {unknown}
Potions
 e - a potion of curing
 g - 2 potions of heal wounds
 k - a potion of flight {unknown}
 r - a potion of attraction {unknown}


   Skills:
 + Level 3.9 Fighting
 * Level 3.6 Axes
 + Level 1.1 Staves
 + Level 3.6 Armour
 + Level 1.3 Dodging
 + Level 3.6 Shields
 + Level 1.4 Spellcasting
 + Level 1.5 Conjurations
 + Level 1.3 Fire Magic


You had 6 spell levels left.
You knew the following spells:

 Your Spells              Type           Power      Damage    Failure   Level
a - Foxfire               Conj/Fire      12%        2x1d4     98%         1

Your spell library contained the following spells:

 Spells                   Type           Power      Damage    Failure   Level
 Conjure Flame            Conj/Fire      3%         6-21      100%        3
 Frozen Ramparts          Ice            0%         1d2       100%        3
 Inner Flame              Hex/Fire       1%         N/A       100%        3
 Flame Wave               Conj/Fire      3%         2d4       100%        4
 Ice Form                 Ice/Tmut       0%         N/A       100%        4
 Summon Ice Beast         Ice/Summ       0%         N/A       100%        4


Dungeon Overview and Level Annotations

Branches:
Dungeon (4/15)
 Temple: D:4-7

Altars:
Kikubaaqudgha
Makhleb


Innate Abilities, Weirdness & Mutations

You have sharp fingernails.
You have a somewhat thin skeletal structure. (Dex +2, Stealth+)


Message History

Unknown command.
You hit the hobgoblin.
You kill the hobgoblin!
Unknown command.
No target in view!
Unknown command.
No target in view!
Items here: )))) [ †††.
l - 3 scrolls labelled RUL ZULUHOUF (gained 1)
You now have 213 gold pieces (gained 19).
A hobgoblin comes into view.
Found a robe.
The hobgoblin shouts!
A hobgoblin is nearby!
The hobgoblin closely misses you.
You barely miss the hobgoblin.
The hobgoblin hits you but does no damage.
You closely miss the hobgoblin. The hobgoblin hits you.
You slash the hobgoblin!
You kill the hobgoblin!
No target in view!
No target in view!
Unknown command.
No target in view!
An ogre comes into view. It is wielding a +0 giant club.
The ogre shouts!
An ogre is nearby!
An ogre is nearby!
A dart slug comes into view.
There are monsters nearby!
You hit the ogre.
The ogre is lightly wounded.
The ogre hits you with a +0 giant club!!
There are monsters nearby!
You hit the ogre.
The ogre is moderately wounded.
The ogre hits you with a +0 giant club!
The ogre hits you with a +0 giant club!!
Ouch! That really hurt!
You die...

#.# #.# .w# #.#
#.# #.# #.# #.#
#O# #.# #@# #.#
#.# #.# #.# #.#
#.# #.# #.#
##.#### #.#
......##########.#
.................#
###...############


You could see an ogre and a dart slug.

Vanquished Creatures
  Sigmund (D:3)
  A scorpion (D:4)
  A water moccasin zombie (D:4)
  An orc priest (D:4)
  4 gnolls
  4 adders
  5 dart slugs
  4 orcs (D:4)
  5 bats
  8 endoplasms
  3 giant cockroaches
  4 goblins
  6 hobgoblins
  16 jackals
  7 kobolds
  4 quokkas
  7 ball pythons
  6 frilled lizards
  A quokka skeleton (D:4)
  7 rats
95 creatures vanquished.

Notes
Turn   | Place    | Note
-------+----------+-------------------------------------------
     0 | D:1      | Sin92 the Demonspawn Fighter began the quest for the Orb.
     0 | D:1      | Reached XP level 1. HP: 18/18 MP: 1/1
    59 | D:1      | Gained mutation: You have sharp fingernails. [demonic
                  | ancestry]
    59 | D:1      | Reached XP level 2. HP: 21/24 MP: 2/2
   390 | D:1      | Reached XP level 3. HP: 19/29 MP: 3/3
  1401 | D:2      | Found a faded altar of an unknown god.
  1430 | D:2      | Learned a level 1 spell: Foxfire
  1524 | D:2      | Gained mutation: You have a somewhat thin skeletal
                  | structure. (Dex +2, Stealth+) [demonic ancestry]
  1524 | D:2      | Reached XP level 4. HP: 31/35 MP: 4/4
  2516 | D:3      | Noticed Sigmund
  2535 | D:3      | Killed Sigmund
  2536 | D:3      | Reached skill level 1 in Dodging
  2536 | D:3      | Reached skill level 1 in Spellcasting
  2536 | D:3      | Reached skill level 1 in Conjurations
  2536 | D:3      | Reached skill level 1 in Fire Magic
  2536 | D:3      | Reached XP level 5. HP: 10/42 MP: 4/6
  2536 | D:3      | Reached XP level 6. HP: 11/48 MP: 4/7
  3172 | D:3      | Found an ancient bone altar of Kikubaaqudgha.
  3485 | D:4      | Reached skill level 1 in Staves
  3570 | D:4      | Found a burning altar of Makhleb.
  3808 | D:4      | Mangled by an ogre

Illustrated notes

Levels and vault maps discovered:
D:1:      lemuel_arrival_behind_the_door_large, layout_basic, st_stairs_8,
          dk_noncrumbling_3
D:2:      layout_basic, ebering_ecumenical_altar_sacrificial
D:3:      layout_loops_cross, mainiacjoe_overflow_alcove_2, fountainhead,
          minmay_misc_feat_diagonals, minivault_5, uniq_sigmund
D:4:      layout_loops_ring, lemuel_coloured_pillars_altar,
          mainiacjoe_overflow_divided_tiny, lemuel_tele_altar,
          minmay_temple_entry_enclosed_plants

Skill      XL: |  1  2  3  4  5  6 |
---------------+-------------------+-----
Axes           | 2 3 |  3.6
Armour         | 3 |  3.6
Shields        | 3 |  3.6
Dodging        | 1 |  1.3
Spellcasting   | 1 |  1.4
Conjurations   | 1 |  1.5
Fire Magic     | 1 |  1.3
Staves         | 1 |  1.1
Fighting       | |  3.9

Action                   |  1- 3 |  4- 6 || total
-------------------------+-------+-------++-------
Melee: War axe           |   100 |   155 ||   255
  Use: Scroll            |     2 |       ||     2
       Potion            |     1 |     1 ||     2
Armor: Scale mail        |    34 |       ||    34
       Chain mail        |    23 |    86 ||   109
Dodge: Dodged            |    45 |    47 ||    92
Block: Buckler           |    23 |    36 ||    59
